 Dungeon Crawl Stone Soup version 0.30-a0-950-gbf40cfac39 (webtiles) character file.

Game seed: 917626515375727043

406 112233 the Ducker (level 6, -2/44 HPs)
             Began as an Octopode Fighter on Mar 27, 2023.
             Was an Initiate of Gozag.
             Slain by an orc wizard
             ... wielding a +0 dagger
              (5 damage)
             ... on level 4 of the Dungeon.
             The game lasted 00:01:49 (2378 turns).

112233 the Ducker (Octopode Fighter)                Turns: 2378, Time: 00:01:50

Health: -2/44      AC:  1    Str: 15    XL:     6   Next: 87%
Magic:  6/6        EV: 14    Int: 10    God:    Gozag
Gold:   181        SH:  5    Dex: 14    Spells: 5/5 levels left

rFire   . . .      SeeInvis .    a - +0 trident
rCold   . . .      Faith    .    b - +0 buckler
rNeg    . . .      Spirit   .    (helmet restricted)
rPois   .          Reflect  .    (no amulet)
rElec   .          Rampage  .    (no ring)
rCorr   .                        (no ring)
Will    .....                    (no ring)
Stlth   ++                       (no ring)
HPRegen 0.27/turn                (no ring)
MPRegen 0.10/turn                (no ring)
                                 (no ring)
                                 (no ring)

@: gold aura
A: almost no armour, amphibious, 8 rings, camouflage 1, gelatinous body 1,
(nimble swimmer 1), tentacles
a: Renounce Religion, Potion Petition, Call Merchant, Bribe Branch


You were on level 4 of the Dungeon.
You worshipped Gozag.
Gozag was aware of your devotion.
You visited 2 branches of the dungeon, and saw 5 of its levels.

You collected 260 gold pieces.
You paid 79 gold pieces to Gozag.

Inventory:

Hand Weapons
 a - a +0 trident (weapon)
Armour
 b - a +0 buckler (worn)
 p - an orb of wrath
Scrolls
 d - a scroll of amnesia {unknown}
 e - 4 scrolls of teleportation {unknown}
 f - a scroll of noise {unknown}
 g - 2 scrolls of immolation {unknown}
 h - 2 scrolls of fog {unknown}
 l - 2 scrolls of identify {unknown}
 o - a scroll of silence {unknown}
Potions
 c - 2 potions of might
 i - a potion of degeneration {unknown}
 j - 2 potions of curing {unknown}
 k - a potion of cancellation {unknown}
 m - a potion of attraction {unknown}
 n - a potion of berserk rage {unknown}


   Skills:
 + Level 4.5 Fighting
 + Level 3.8 Polearms
 + Level 4.5 Dodging
 + Level 4.4 Shields


You had 5 spell levels left.
You didn't know any spells.
Your spell library contained the following spells:

 Spells                   Type           Power      Damage    Failure   Level
 Blade Hands              Tmut           0%         N/A       100%        5
 Iron Shot                Conj/Erth      0%         9d1       100%        6
 Animate Armour           Summ/Erth      Unusable   N/A       N/A         4

Dungeon Overview and Level Annotations

Branches:
Dungeon (4/15)             Temple (1/1) D:4

Altars:
Ashenzari
Cheibriados
Dithmenos
Elyvilon
Fedhas
Gozag
Kikubaaqudgha
Makhleb
Nemelex Xobeh
Okawaru
Ru
Sif Muna
Trog
Uskayaw
Vehumet
Wu Jian
Xom
Yredelemnul
Zin

Shops:
D:1 [

Annotations:
Temple 2 transporters


Innate Abilities, Weirdness & Mutations

You cannot wear most types of armour.
You are amphibious.
You can wear up to eight rings at the same time.
Your skin changes colour to match your surroundings (Stealth+).
Your rubbery body absorbs attacks. (AC +1, EV +1)
((You are camouflaged when in or above water. (Stealth+)))
You have tentacles for arms and can constrict up to eight enemies at once.


Message History

Things that are here:
5 gold pieces; a +0 short sword; an emerald potion You hear some strange, mumbled words.
You are confused.
You're too confused to move!
The orc is distracted by your dazzling golden aura.
You completely miss something. Your squeeze misses something.
The orc hits you with a +0 dagger. Something hits you.
The orc is distracted by your dazzling golden aura.
Something hits you.
You're too confused to move!
The orc is no longer distracted by gold.
The orc closely misses you. Something hits you. Something hits you.
The orc attacks as you move away! The orc closely misses you.
The orc is no longer distracted by gold.
You miss the orc. The orc hits you with a +0 dagger.
You hear some strange, mumbled words.
You are more confused.
Something hits you.
You bump into the rock wall.
The orc barely misses you.
You hit the orc. You squeeze the orc.
You kill the orc!
Unknown command.
You closely miss the orc. Your squeeze misses the orc.
Okay, then.
Unknown command.
You feel less confused. Something hits you.
You miss something. Something hits you.
You closely miss something. Your squeeze misses something. Something hits you.
* * * LOW HITPOINT WARNING * * *
You miss something.
You hear some strange, mumbled words.
A puff of flame appears from out of thin air!
The puff of flame hits you!
* * * LOW HITPOINT WARNING * * *
You miss something. Something hits you.
You die...
Your body crumbles into a pile of gold.

.....####...........#
....## #####..###.##
...## #.<# #.# ...#
#.†###.####### ..##
#............# ## .##
#..###.#####....# .#
#..# #.# .#.. .#
######..###.### ....#
.###
.......!.@{o..##....#
...#
###########..$$.....#
.#.# ###.........
.#.##.####
...........
.#<.......
###.........
.#.##.#### #.##...###
.#.# # #.# ...# ....
#.# ...# .#.# #.#
##.#


You could see an orc.

Vanquished Creatures
  Sigmund (D:2)
  Menkaure (D:4)
  4 adders
  A worm (D:3)
  2 orcs
  8 bats
  4 endoplasms
  6 giant cockroaches
  11 goblins
  10 hobgoblins
  3 jackals (D:2)
  A quokka (D:4)
  8 ball pythons
  5 frilled lizards
  6 kobolds
  5 rats
76 creatures vanquished.

Notes
Turn   | Place    | Note
-------+----------+-------------------------------------------
     0 | D:1      | 112233 the Octopode Fighter began the quest for the Orb.
     0 | D:1      | Reached XP level 1. HP: 16/16 MP: 1/1
    73 | D:1      | Reached XP level 2. HP: 16/21 MP: 2/2
   223 | D:1      | Found Ecribux's Armour Shoppe.
   433 | D:1      | Reached XP level 3. HP: 26/26 MP: 3/3
  1113 | D:2      | Reached XP level 4. HP: 31/31 MP: 4/4
  1121 | D:2      | Noticed Sigmund
  1133 | D:2      | Killed Sigmund
  1134 | D:2      | Reached XP level 5. HP: 32/37 MP: 5/5
  1134 | D:2      | Reached XP level 6. HP: 37/43 MP: 6/6
  1470 | D:3      | Found a broken altar of Ashenzari.
  2140 | D:4      | Found a staircase to the Ecumenical Temple.
  2178 | D:4      | Noticed Menkaure
  2184 | D:4      | Killed Menkaure
  2295 | Temple   | Entered the Ecumenical Temple
  2295 | Temple   | Found a transporter.
  2295 | Temple   | Found a transporter.
  2297 | Temple   | Found a transporter.
  2297 | Temple   | Found a transporter.
  2316 | Temple   | Became a worshipper of Gozag Ym Sagoz the Greedy
  2377 | D:4      | HP: 2/44 [something/puff of flame (11)]
  2378 | D:4      | Slain by an orc wizard

Illustrated notes

Levels and vault maps discovered:
D:1:      heliophobic_arrival_glass_houses, layout_basic, serial_shops,
          nicolae_shop_statue_plus, bh_walls_and_bars
D:2:      layout_loops_ring, minmay_misc_feat_tiny, uniq_sigmund
D:3:      layout_loops_corners, ashenzari_altar_1
D:4:      layout_loops_ring, temple_pool_b, uniq_edmund, uniq_menkaure
Temple:   hellmonk_temple_divided_pantheon

Skill      XL: |  1  2  3  4 |
---------------+-------------+-----
Fighting       | 4 |  4.5
Polearms       | 3 |  3.8
Dodging        | 4 |  4.5
Shields        | 4 |  4.4

Action                     |  1- 3 |  4- 6 || total
---------------------------+-------+-------++-------
  Melee: Trident           |    78 |    78 ||   156
         Constrict         |    14 |     9 ||    23
         Tentacles         |     7 |     7 ||    14
         Punch             |     1 |     2 ||     3
    Use: Potion            |       |     2 ||     2
   Stab: Sleeping          |    14 |    11 ||    25
 Armour: Skin              |     6 |     4 ||    10
  Dodge: Dodged            |    15 |    22 ||    37
  Block: Buckler           |    12 |     4 ||    16

Table legend: (Time is in decaauts)
 A = Elapsed time spent in this place.
 B = Non-inter-level travel time spent in this place.
 C = Inter-level travel time spent in this place.
 D = Time resting spent in this place.
 E = Time spent auto-exploring this place.
 F = Levels seen in this place.
 G = Mean time per level.
                   A        B        C        D        E       F      G
               +--------+--------+--------+--------+--------+-----+--------+
         Total |   2408 |   2273 |    135 |     11 |   1763 |   5 |  481.6 |
       Dungeon |   2368 |   2242 |    126 |     11 |   1758 |   4 |  592.0 |
        Temple |     39 |     31 |      8 |      0 |      5 |   1 |   39.0 |
               +--------+--------+--------+--------+--------+-----+--------+

Top non-repeatable levels by time:
     D:3: 836 daAuts
     D:2: 725 daAuts
     D:1: 588 daAuts
     D:4: 218 daAuts
  Temple: 39 daAuts
